 Dungeon Crawl Stone Soup version 0.23-a0-164-g7711e57 (webtiles) character file.

175 Amnesiac the Chiller (level 5, -6/37 HPs)
             Began as a Mummy Ice Elementalist on Sept 9, 2018.
             Mangled by an orc
             ... wielding a +0 war axe
              (11 damage)
             ... on level 4 of the Dungeon.
             The game lasted 00:03:01 (829 turns).

Amnesiac the Chiller (Mummy Ice Elementalist)        Turns: 829, Time: 00:03:01

Health: -6/37      AC:  2    Str: 11    XL:     5   Next: 29%
Magic:  1/10       EV: 12    Int: 16    God:
Gold:   41         SH:  0    Dex: 12    Spells: 6/11 levels left

rFire    x . .     SeeInvis .   (no weapon)
rCold    + . .     Gourm    .   (no shield)
rNeg     + + +     Faith    .   a - +0 robe
rPois    ∞         Spirit   .   (no helmet)
rElec    .         Reflect  .   (no cloak)
rCorr    .         Harm     .   (no gloves)
MR       .....                  (no boots)
Stlth    ++........             (no amulet)
HPRegen  0.12/turn              (no ring)
MPRegen  0.12/turn              (no ring)

@: very slightly contaminated
A: no food or potions, fire vulnerability, cold resistance 1, negative energy
resistance 3, torment resistance, unbreathing
a: no special abilities


You were on level 4 of the Dungeon.
You were not hungry.

You visited 1 branch of the dungeon, and saw 4 of its levels.

You collected 41 gold pieces.

Inventory:

Hand Weapons
 c - a +0 falchion
Armour
 a - a +0 robe (worn)
 b - a +0 buckler
Jewellery
 e - an uncursed ring of teleportation


   Skills:
 - Level 1.0 Fighting
 - Level 2.4 Dodging
 - Level 1.5 Stealth
 + Level 3.9 Spellcasting
   Level 0.7 Conjurations
 * Level 3.9 Ice Magic


You had 6 spell levels left.
You knew the following spells:

 Your Spells              Type           Power        Failure   Level  Hunger
a - Freeze                Ice            ###.         3%          1    N/A
b - Confusing Touch       Hex            #.....       17%         1    N/A
z - Ozocubu's Armour      Chrm/Ice       #.......     22%         3    N/A

Your spell library contained the following spells:

 Spells                   Type           Power        Failure   Level  Hunger
 Throw Frost              Conj/Ice       ##....       10%         2    N/A
 Animate Skeleton         Necr           N/A          17%         1    N/A
 Apportation              Tloc           #.....       17%         1    N/A
 Summon Small Mammal      Summ           #...         17%         1    N/A
 Throw Icicle             Conj/Ice       ##......     54%         4    N/A
 Summon Ice Beast         Ice/Summ       #.......     58%         4    N/A

Dungeon Overview and Level Annotations

Branches:
Dungeon (4/15)
 Temple: D:4-7

Altars:
Qazlal

Annotations:
D:1 exclusion: gnoll
D:4 Dowan


Innate Abilities, Weirdness & Mutations

You do not eat or drink.
Your flesh is vulnerable to fire.
You are immune to poison.
Your flesh is cold resistant. (rC+)
You are immune to negative energy. (rN+++)
You are immune to unholy pain and torment.
You can survive without breathing.


Message History

Duvessa closely misses you.
Adjust (i)tems, (s)pells, or (a)bilities?
Adjust which spell?
Okay, then.
Casting: Freeze (safe; 4% risk of failure)
Confirm with . or Enter, or press ? or * to list all spells.
Your hands begin to glow red.
Duvessa closely misses you.
Really attack barehanded?
You hit Duvessa but do no damage. Duvessa hits you with a short sword.
* * * LOW HITPOINT WARNING * * *
You hit Duvessa but do no damage.
Duvessa appears confused.
Duvessa barely misses the orc.
The orc barely misses you.
Duvessa falls into the lava!
Duvessa is incinerated.
You hear a distant wail of despair.
You hear a sizzling splash. x2
Training target 2.4 for Dodging reached!
You have reached level 5!
You feel clever. The orc hits you with a hand axe.
* * * LOW HITPOINT WARNING * * *
Casting: Confusing Touch (safe; 17% risk of failure)
Confirm with . or Enter, or press ? or * to list all spells.
Your hands begin to glow red.
You hit the orc but do no damage.
The orc appears confused.
The orc falls into the lava!
The orc is incinerated.
You hear a sizzling splash. x2
Casting: Confusing Touch (safe; 17% risk of failure)
Confirm with . or Enter, or press ? or * to list all spells.
You miscast Confusing Touch.
You are very lightly contaminated with residual magic.
Multicoloured lights dance before your eyes!
Casting: Confusing Touch (safe; 17% risk of failure)
Confirm with . or Enter, or press ? or * to list all spells.
You miscast Confusing Touch.
Nothing appears to happen.
Casting: Confusing Touch (safe; 17% risk of failure)
Confirm with . or Enter, or press ? or * to list all spells.
You miscast Confusing Touch.
The light around you dims momentarily. The orc barely misses you.
Casting: Confusing Touch (safe; 17% risk of failure)
Confirm with . or Enter, or press ? or * to list all spells.
Your hands begin to glow red.
The orc hits you with a mace.
* * * LOW HITPOINT WARNING * * *
You hit the orc but do no damage.
The orc appears confused.
The orc falls into the lava!
The orc is incinerated.
You hear a sizzling splash.
Dowan seems to find hidden reserves of power!
You aren't carrying any scrolls.
Dowan gestures at you while chanting. The stone arrow hits you!
* * * LOW HITPOINT WARNING * * *
You aren't carrying any scrolls.
Dowan barely misses you.
Casting: Confusing Touch (safe; 17% risk of failure)
Confirm with . or Enter, or press ? or * to list all spells.
Your hands begin to glow red.
Dowan barely misses you. Dowan hits you but does no damage.
The orc closely misses you.
You hit Dowan but do no damage.
Dowan appears confused.
The orc barely misses you.
Dowan grins madly.
The orc hits you with a war axe!
You die...

........≈≈≈#≈._≈#...............
.........§≈§§≈>⌠§#...............
.........§.≈≈§≈≈≈#≈..............
...........§#.#§#≈≈............#'
......###.§.§...≈≈≈≈.............
..[.......§§.§≈.≈................
.###......§§........≈.....#......
.........##......oo...#.#.#.##...
................@...#.#.#...##...
....#.........#.###<#.#.#........
....<.........#.# ###.#.#........
....#.........#.. ........?....
....+......>...... .............
....#.........#...# .......###.
....+.........#...
.####............. . +........


You could see 2 orcs.

Vanquished Creatures
  Duvessa (D:4)
  An orc wizard (D:4)
  3 adders
  5 orcs
  A giant cockroach (D:1)
  3 goblins
  3 bats (D:1)
  3 rats
20 creatures vanquished.

Notes
Turn   | Place    | Note
-------+----------+-------------------------------------------
     0 | D:1      | Amnesiac the Mummy Ice Elementalist began the quest for the
                  | Orb.
     0 | D:1      | Reached XP level 1. HP: 13/13 MP: 4/4
   186 | D:1      | Reached skill level 1 in Fighting
   186 | D:1      | Reached XP level 2. HP: 17/21 MP: 0/5
   351 | D:2      | Reached XP level 3. HP: 24/26 MP: 0/7
   356 | D:2      | Learned a level 3 spell: Ozocubu's Armour
   700 | D:3      | Learned a level 1 spell: Confusing Touch
   709 | D:4      | Found a stormy altar of Qazlal.
   756 | D:4      | Reached XP level 4. HP: 13/32 MP: 0/9
   769 | D:4      | Noticed Duvessa
   771 | D:4      | Noticed Dowan
   789 | D:4      | Killed Duvessa
   789 | D:4      | Reached XP level 5. HP: 16/37 MP: 2/10
   829 | D:4      | Mangled by an orc

Vault maps used:
D:1:      dpeg_arrival_castle
D:3:      lemuel_coloured_pillars_altar, roderic_lattice_a, uniq_natasha
D:4:      nicolae_qazlal_general_emergency, minmay_temple_entry_grid,
          first_ration, uniq_duvessa, uniq_menkaure

Skill      XL: |  1  2  3 |
---------------+----------+-----
Fighting       | 1 |  1.0
Spellcasting   | 3 |  3.9
Ice Magic      | 3 |  3.9
Dodging        | 2 |  2.4
Stealth        | |  1.5
Conjurations   | |  0.7

Action                   |  1- 3 |  4- 6 || total
-------------------------+-------+-------++-------
Melee: Unarmed           |     3 |     5 ||     8
       Falchion          |     1 |       ||     1
 Cast: Freeze            |    37 |     1 ||    38
       Confusing Touch   |       |     4 ||     4
  Use: Scroll            |     5 |       ||     5
Armor: Robe              |     8 |       ||     8
Dodge: Dodged            |    15 |     9 ||    24
       Rpst.: Falchion   |     2 |       ||     2

Table legend:
 A = Non-vault XP
 B = Vault XP
 C = Vault XP percentage of total XP
 D = Non-vault monster count
 E = Vault monster count
 F = Vault count percentage of total count
                 A         B        C        D         E       F
            +---------+---------+-------+---------+---------+-------
      Total |     104 |     147 |  58.6 |      19 |       1 |   5.0
            +---------+---------+-------+---------+---------+-------
        D:1 |      12 |       0 |   0.0 |       8 |       0 |   0.0
        D:2 |      29 |       0 |   0.0 |       4 |       0 |   0.0
        D:3 |       9 |       0 |   0.0 |       3 |       0 |   0.0
        D:4 |      54 |     147 |  73.1 |       4 |       1 |  20.0
            +---------+---------+-------+---------+---------+-------
